 Dungeon Crawl Stone Soup version 0.31.0-12-g77e489cdc1 (webtiles) character file.

Game seed: 8342525045215411327

35 Curundu the Chopper (level 3, 0/31 (34) HPs)
             Began as a Minotaur Berserker on Feb 11, 2024.
             Was a Believer of Trog.
             Slain by a hobgoblin (2 damage)
             ... led by Robin
             ... on level 2 of the Dungeon.
             The game lasted 00:03:24 (855 turns).

Curundu the Chopper (Minotaur Berserker)             Turns: 855, Time: 00:03:26

HP:   0/31 (34)     AC:  3    Str: 23    XL:     3   Next: 17%
MP:   2/2           EV: 12    Int:  4    God:    Trog [**....]
Gold: 80            SH:  0    Dex:  9    Spells: 2/2 levels left

rFire   . . .        a - +0 hand axe
rCold   . . .        (no shield)
rNeg    . . .        b - +1 animal skin
rPois   .            (helmet restricted)
rElec   .            (no cloak)
rCorr   .            (no gloves)
SInv    .            (no boots)
Will    ++...        (no amulet)
Stlth   +            (no ring)
HPRegen 1.25/turn    (no ring)
MPRegen 0.08/turn

%: no passive effects
@: strong-willed, regenerating, drained
A: horns 2, retaliatory headbutt
a: Renounce Religion, Berserk, Trog's Hand


You were on level 2 of the Dungeon.
You worshipped Trog.
Trog was pleased with you.
You visited 1 branch of the dungeon, and saw 2 of its levels.

You collected 80 gold pieces.

Inventory:

Hand Weapons
 a - a +0 hand axe (weapon)
Missiles
 d - 6 boomerangs (quivered)
Armour
 b - a +1 animal skin (worn)
Scrolls
 e - a scroll of teleportation {unknown}
 g - a scroll of poison {unknown}
 h - a scroll of identify {unknown}
Potions
 f - 2 potions of brilliance {unknown}


   Skills:
 + Level 4.3 Fighting
 + Level 4.3 Axes
 + Level 2.8 Armour
 + Level 2.3 Dodging


You had 2 spell levels left.
You didn't know any spells.
Your spell library was empty.

Dungeon Overview and Level Annotations

Branches:
Dungeon (2/15)

Altars:

Annotations:
D:2 Robin


Innate Abilities, Weirdness & Mutations

You have a pair of horns on your head.
You reflexively headbutt those who attack you in melee.


Message History

You hit the goblin.
You kill the goblin!
Trog accepts your kill.
You closely miss the goblin.
The goblin unwields a +0 sling.
The goblin wields a +0 club.
The goblin misses you.
You barely miss the goblin. Your headbutt misses the goblin.
You closely miss the goblin. x2; The goblin closely misses you.
The goblin hits you with a +0 club. The goblin misses you.
You slash the goblin!
You kill the goblin!
Trog accepts your kill.
You completely miss the goblin. You closely miss the goblin.
The goblin hits you with a +0 club. Robin throws the goblin at you!
The goblin closely misses you. You furiously retaliate!
You headbutt the goblin!
You kill the goblin!
Trog accepts your kill.
You closely miss the goblin.
You headbutt the goblin, but do no damage.
You hit the goblin but do no damage. You barely miss the goblin. x2
The goblin hits you with a +2 dagger of draining.
You feel drained. The goblin hits you with a +0 club.
The goblin hits you with a +0 dagger. x2
You hit the goblin.
You kill the goblin!
Trog accepts your kill.
You hit the hobgoblin but do no damage. You completely miss the goblin.
You barely miss the goblin. You hit the goblin.
The goblin hits you with a +2 dagger of draining.
You feel drained. The hobgoblin hits you.
* * * LOW HITPOINT WARNING * * *
The goblin barely misses you.
Your skin crawls.
You feel strong-willed.
The goblin hits you with a +2 dagger of draining.
* * * LOW HITPOINT WARNING * * *
You feel drained.
* * * LOW HITPOINT WARNING * * *
The hobgoblin hits you.
You die...

### # .#. ..# #
#....#####.#
..#.##.....#.#
...........#.#
...........#.#
...........#.#
.....gggg..#.####
.....gg@g.......#
###.#######.###.#
..#####.###.#
..).......#.#
#...###.....#
#...#.#.###
#.....#
.#######†><#
..........##


You could see Robin, a hobgoblin (strong) and 5 goblins.

Vanquished Creatures
  3 ball pythons (D:1)
  2 endoplasms (D:1)
  A giant cockroach (D:1)
  5 goblins
  5 hobgoblins
  3 jackals (D:1)
  4 quokkas
  A frilled lizard (D:1)
  3 kobolds (D:1)
  3 rats (D:1)
30 creatures vanquished.

Notes
Turn   | Place    | Note
-------+----------+-------------------------------------------
     0 | D:1      | Curundu the Minotaur Berserker began the quest for the Orb.
     0 | D:1      | Reached XP level 1. HP: 19/19 MP: 0/0
   217 | D:1      | Reached XP level 2. HP: 22/27 MP: 1/1
   731 | D:1      | Reached XP level 3. HP: 29/33 MP: 2/2
   847 | D:2      | Noticed Robin
   848 | D:2      | Reached ** piety under Trog
   855 | D:2      | Slain by a hobgoblin

Illustrated notes

Levels and vault maps discovered:
D:1:      dpeg_arrival_yet_another_circle, layout_loops_cross
D:2:      layout_basic, basic_altar, serial_park_tiny_1, uniq_robin

Skill      XL: |  1  2 |
---------------+-------+-----
Axes           | 4 |  4.3
Fighting       | 4 |  4.3
Armour         | |  2.8
Dodging        | |  2.3

Action                     || total
---------------------------++-------
  Melee: Hand axe          ||    65
         Headbutt          ||     6
         Punch             ||     1
 Invoke: Trog's Hand       ||     1
    Use: Scroll            ||     1
   Stab: Sleeping          ||     1
 Armour: Animal skin       ||    51
  Dodge: Dodged            ||    41
